 Dungeon Crawl Stone Soup version 0.21-a0-13-g3fd62ac (webtiles) character file.

258 miragecloak the Insei (level 6, -4/38 HPs)
             Began as an Octopode Transmuter on May 23, 2017.
             Slain by miragecloak's ghost (9 damage)
             ... on level 5 of the Dungeon.
             The game lasted 00:04:10 (3847 turns).

miragecloak the Insei (Octopode Transmuter)         Turns: 3847, Time: 00:04:10

Health: -4/38      AC:  1    Str: 10    XL:     6   Next: 16%
Magic:  1/9        EV: 13    Int: 15    God:
Gold:   195        SH:  0    Dex: 14    Spells: 3/9 levels left

rFire    . . .     SeeInvis .     - Unarmed
rCold    . . .     Gourm    .   (no shield)
rNeg     . . .     Faith    .   (helmet restricted)
rPois    .         Spirit   .   (no amulet)
rElec    .         Reflect  .   (no ring)
rCorr    .         Harm     .   (no ring)
MR       .....                  (no ring)
Stlth    ++........             (no ring)
Regen    0.2/turn               (no ring)
MPRegen  0.2/turn               (no ring)
                                (no ring)
                                (no ring)

@: very slightly contaminated
A: almost no armour, stealthy swim, amphibious, 8 rings, constrict 8, camouflage
1, gelatinous body 1
a: no special abilities


You were on level 5 of the Dungeon.
You were not hungry.

You visited 1 branch of the dungeon, and saw 5 of its levels.

You collected 195 gold pieces.

Inventory:

Missiles
 a - 94 arrows
Jewellery
 i - a +4 ring of protection {unknown}
 s - a cursed ring of fire {unknown}
 y - a +4 ring of strength {unknown}
Wands
 r - a wand of acid (8/15)
Scrolls
 d - 2 scrolls of random uselessness {unknown}
 f - a scroll of magic mapping {unknown}
 h - 6 scrolls of identify {unknown}
 j - 3 scrolls of amnesia {unknown}
 n - a scroll of recharging {unknown}
 p - a scroll of enchant armour {unknown}
 q - 2 scrolls of enchant weapon {unknown}
 v - a scroll of fear {unknown}
 x - a scroll of teleportation {unknown}
Potions
 e - a potion of degeneration {unknown}
 g - 3 potions of curing {unknown}
 k - 2 potions of agility {unknown}
 l - 3 potions of heal wounds {unknown}
 m - a potion of mutation {unknown}
 o - a potion of resistance {unknown}
 t - a potion of berserk rage {unknown}
 u - a potion of lignification {unknown}
Books
 b - a book of Changes

   Spells                             Type                      Level
   a - Beastly Appendage              Transmutation                1
   b - Sticks to Snakes               Transmutation                2
   c - Spider Form                    Transmutation/Poison         3
   d - Ice Form                       Ice/Transmutation            4
   e - Blade Hands                    Transmutation                5
Comestibles
 c - a bread ration
 w - 3 fruits


   Skills:
 - Level 1.0 Fighting
 - Level 2.0 Dodging
 + Level 4.6 Unarmed Combat
 - Level 2.0 Spellcasting
 - Level 4.0 Transmutations
 - Level 3.6 Poison Magic


You had 3 spell levels left.
You knew the following spells:

 Your Spells              Type           Power        Failure   Level  Hunger
a - Beastly Appendage     Tmut           ##....       4%          1    #......
b - Spider Form           Tmut/Pois      ##........   14%         3    ###....
c - Sticks to Snakes      Tmut           ##......     6%          2    ###....


Dungeon Overview and Level Annotations

Branches:
Dungeon (5/15)
 Temple: D:4-7

Altars:
Hepliaklqana
Okawaru
Vehumet
Xom

Annotations:
D:4 Grinder; Natasha
D:5 miragecloak's ghost, amateur OpTm


Innate Abilities, Weirdness & Mutations

You cannot wear most types of armour.
You are very stealthy in the water. (Stealth+)
You are amphibious.
You can wear up to eight rings at the same time.
You can use your tentacles to constrict eight enemies at once.
Your skin changes colour to match your surroundings (Stealth+).
Your rubbery body absorbs attacks. (AC +1, EV +1)


Message History

Confirm with . or Enter, or press ? or * to list all spells.
You don't have enough magic to cast that spell.
There is a stone staircase leading down here.
You start resting.
Grinder gestures at your adder.
Your adder writhes in agony!
You climb downwards.
Level annotation: miragecloak's ghost, amateur OpTm Miragecloak's ghost hits you.
* * * LOW HITPOINT WARNING * * *
There is a stone staircase leading up here.
Miragecloak's ghost swings its fists at you.
Miragecloak's ghost whispers, "They're coming for you..."
Casting: Sticks to Snakes
Confirm with . or Enter, or press ? or * to list all spells.
You miscast Sticks to Snakes.
You are very lightly contaminated with residual magic.
Multicoloured lights dance before your eyes!
Miragecloak's ghost hits you!
You die...

#+#.... #. ......... ####
#.#####.......# .....
#.#...........# .....
#.#.##........# ......
#.#.##........######......
#.#.##..................?.
#.#.###...................
#.<.......W@..>...........
#.....#................)......
#.###.#.#....#................
#.#.#....#................
#.#.#....#.###....########
..#.#....#.# #....#
###......#.# #.#### ....####.#
#.. ##... ..# ###


You could see miragecloak's ghost.

Vanquished Creatures
  A scorpion (D:4)
  An orc wizard (D:4)
  Jessica (D:3)
  A worker ant (D:4)
  2 adders (D:4)
  2 oozes
  6 worms
  6 dart slugs
  2 leopard geckos
  5 orcs
  7 bats
  4 giant cockroaches
  7 goblins
  6 hobgoblins
  2 jackals (D:3)
  3 quokkas
  5 frilled lizards
  5 kobolds
  A quokka zombie (D:5)
  7 rats
74 creatures vanquished.

Notes
Turn   | Place    | Note
-------+----------+-------------------------------------------
     0 | D:1      | miragecloak the Octopode Transmuter began the quest for the Orb.
     0 | D:1      | Reached XP level 1. HP: 13/13 MP: 3/3
   114 | D:1      | Reached XP level 2. HP: 15/18 MP: 3/5
   441 | D:2      | Reached XP level 3. HP: 18/23 MP: 4/6
   446 | D:2      | Learned a level 3 spell: Spider Form
   701 | D:2      | Reached skill level 1 in Poison Magic
  1062 | D:2      | Found a hazy altar of Hepliaklqana.
  1192 | D:3      | Noticed Jessica
  1211 | D:3      | Killed Jessica
  1211 | D:3      | Reached XP level 4. HP: 25/28 MP: 1/7
  1531 | D:3      | Found a radiant altar of Vehumet.
  1567 | D:3      | Found a shimmering altar of Xom.
  1778 | D:3      | Found an iron altar of Okawaru.
  1965 | D:3      | Reached XP level 5. HP: 33/33 MP: 4/8
  2297 | D:4      | Noticed Natasha
  2769 | D:4      | Reached XP level 6. HP: 26/38 MP: 6/9
  3127 | D:4      | Noticed Grinder
  3143 | D:5      | Entered Level 5 of the Dungeon
  3163 | D:5      | Noticed miragecloak's ghost (amateur OpTm)
  3780 | D:4      | Paralysed by Grinder for 3 turns
  3805 | D:4      | Learned a level 2 spell: Sticks to Snakes
  3847 | D:5      | Slain by miragecloak's ghost

Vault maps used:
D:1:      dpeg_arrival_rooms_a, fountainhead
D:2:      old_standard_altar
D:3:      okawaru_metal_pillars_1_2, old_standard_altar, lemuel_round_altar,
          minivault_11, grunt_ministairs_4, uniq_jessica
D:4:      uniq_grinder, uniq_natasha
D:5:      first_bread, uniq_pikel, uniq_prince_ribbit1

Skill      XL: |  1  2  3  4  5 |
---------------+----------------+-----
Transmutations | 3 4 |  4.0
Poison Magic   | 2 3 |  3.6
Unarmed Combat | 4 |  4.6
Fighting       | |  1.0
Dodging        | |  2.0
Spellcasting   | |  2.0

Action                   |  1- 3 |  4- 6 || total
-------------------------+-------+-------++-------
Melee: Unarmed           |    85 |   107 ||   192
       Kick              |    24 |       ||    24
       Constrict         |    24 |    10 ||    34
       Tentacles         |    15 |     7 ||    22
       Punch             |     6 |       ||     6
 Cast: Beastly Appendage |    20 |       ||    20
       Spider Form       |     4 |    19 ||    23
       Sticks to Snakes  |       |     5 ||     5
 Stab: Sleeping          |     4 |     1 ||     5
  Eat: Chunk             |     1 |     8 ||     9
       Bread ration      |       |     1 ||     1
Armor: Skin              |     8 |     5 ||    13
Dodge: Dodged            |    42 |    74 ||   116
